 Dungeon Crawl Stone Soup version 0.26.1-11-gd32895ea62 (webtiles) character file.

Game seed: 14745453609043505546

8764 Gabide the Grappler (level 11, 0/75 (76) HPs)
             Began as a Human Wanderer on May 7, 2021.
             Was an Elder of Uskayaw.
             Slain by a troll (4 damage)
             ... on level 11 of the Dungeon.
             The game lasted 00:28:50 (15172 turns).

Gabide the Grappler (Human Wanderer)               Turns: 15172, Time: 00:28:51

HP:   0/75 (76)     AC:  7    Str: 22    XL:     11   Next: 61%
MP:   0/12          EV: 15    Int: 11    God:    Uskayaw [****..]
Gold: 775           SH:  0    Dex: 13    Spells: 12/12 levels left

rFire    . . .     SeeInvis +     - Unarmed
rCold    . . .     Faith    .   (no shield)
rNeg     . . .     Spirit   +   A - +1 leather armour "Wiclettu" {rPois Str+5 SInv Stlth-} (curse)
rPois    +         Reflect  .   (no helmet)
rElec    .         Harm     .   (no cloak)
rCorr    .         Rampage  .   f - +0 pair of gloves
Will     +....                  c - +0 pair of boots
Stlth    ++........             s - amulet of guardian spirit
HPRegen  0.22/turn              B - ring of willpower
MPRegen  0.13/turn              k - ring of see invisible

@: hasted, lightly drained, very quick
A: no striking features
a: Renounce Religion, Stomp, Line Pass


You were on level 11 of the Dungeon.
You worshipped Uskayaw.
Uskayaw was noncommittal.
You visited 1 branch of the dungeon, and saw 11 of its levels.

You collected 775 gold pieces.

Inventory:

Missiles
 H - 3 javelins (quivered)
Armour
 c - a +0 pair of boots (worn)
 f - a +0 pair of gloves (worn)
 u - +0 acid dragon scales
 A - the cursed +1 leather armour "Wiclettu" (worn) {rPois Str+5 SInv Stlth-}
   (You found it on level 11 of the Dungeon)

   It affects your strength (+5).
   It protects you from poison.
   It lets you see invisible.
   It makes you less stealthy.
   It has a curse placed upon it.
Jewellery
 a - an uncursed amulet of faith
 i - an uncursed ring of stealth
 k - a ring of see invisible (right hand)
 n - an uncursed amulet of the acrobat
 q - an uncursed ring of flight
 s - an amulet of guardian spirit (around neck)
 w - an uncursed ring of resist corrosion
 B - a ring of willpower (left hand)
Wands
 o - a wand of flame (33)
 t - a wand of digging (2)
 y - a wand of disintegration (23)
Scrolls
 d - 4 scrolls of teleportation
 e - 3 scrolls of random uselessness
 h - 3 scrolls of immolation
 m - 6 scrolls of remove curse
 p - 2 scrolls of enchant weapon
 v - 10 scrolls of identify
 C - a scroll of fear
 D - a scroll of noise {unknown}
 G - a scroll of summoning {unknown}
 J - a scroll of blinking
Potions
 b - a potion of haste
 g - a potion of cancellation {unknown}
 j - a potion of attraction
 l - a potion of flight
 r - a potion of curing
 z - 3 potions of mutation
 E - 2 potions of might
 F - a potion of brilliance {unknown}
Miscellaneous
 x - a condenser vane


   Skills:
 + Level 3.7 Fighting
 + Level 5.7 Throwing
 + Level 4.8 Armour
 * Level 6.7 Dodging
 + Level 5.3 Stealth
 * Level 12.8 Unarmed Combat
 - Level 1.0 Spellcasting
 - Level 1.0 Summonings
 - Level 1.0 Poison Magic
 + Level 0.1 Evocations


You had 12 spell levels left.
You didn't know any spells.
Your spell library contained the following spells:

 Spells                   Type           Power        Failure   Level
 Freeze                   Ice            0%           36%         1
 Magic Dart               Conj           0%           36%         1
 Searing Ray              Conj           0%           50%         2
 Dazzling Flash           Conj/Hex       0%           73%         3
 Frozen Ramparts          Ice            0%           73%         3
 Ozocubu's Armour         Ice            0%           73%         3
 Summon Ice Beast         Ice/Summ       1%           96%         4
 Fulminant Prism          Conj/Hex       0%           98%         4
 Hailstorm                Conj/Ice       0%           98%         4
 Iskenderun's Mystic Bla  Conj/Tloc      0%           98%         4


Dungeon Overview and Level Annotations

Branches:
Dungeon (11/15)            Temple (0/1) D:6            Lair (0/6) D:11
    Orc: D:9-12

Altars:
Elyvilon
Fedhas
Gozag
Kikubaaqudgha
Makhleb
Okawaru
Ru
Sif Muna
Trog
Uskayaw
Vehumet
Yredelemnul
The Shining One

Annotations:
D:7 3 runed translucent doors, 10 exclusions, Quickbrownfox's ghost, novice MiMo
D:10 3 runed translucent doors, Almogavar's ghost, novice GrBe; destino's ghost, journeyman NaHu; dracomuter's ghost, journeyman HuFi; keat06's ghost, journeyman MiFi; wpisznazwe's ghost, novice DgEE
D:11 3 exclusions


Message History

You pummel the wolf!!
The wolf is almost dead.
The wolf closely misses you.
Uskayaw will force your foes to helplessly watch your dance.
Uskayaw prepares the audience for your solo!
The helpless wolf fails to defend itself.
You pummel the wolf!!
You kill the wolf!
The helpless wolf fails to defend itself.
You beat the wolf into a bloody pulp!!!
You kill the wolf!
The helpless wolf fails to defend itself.
You pummel the wolf!!
You kill the wolf!
Uskayaw will force your foes to share their pain.
Uskayaw links your audience in an emotional bond!
The troll bites you!
* * * LOW HITPOINT WARNING * * *
The troll claws you.
You die...

#..)T.≈≈≈≈..≈≈≈≈≈
#.h..≈≈≈≈≈≈≈≈≈≈≈≈
#....≈..≈≈≈.≈≈..≈
#..≈≈...;.≈≈.....
#...h......≈.....
##......#.##.....
#.#.>..hh......#
.##.###T####.##
#.######@#
#.......†#
#.########


You could see a troll (pain bonded), a hound (pain bonded), an electric eel and
a jackal.

Vanquished Creatures
  Erica (D:10)
  A two-headed ogre (D:10)
  Nergalle (D:11)
  An unseen horror (D:11)
  Maggie (D:7)
  A gargoyle (D:10)
  Prince Ribbit (D:7)
  7 yaks (D:9)
  An ice beast (D:9)
  3 black bears
  3 sky beasts
  3 orc warriors
  2 phantoms (D:8)
  5 wolves (D:11)
  6 ogres
  8 centaurs
  A big kobold (D:7)
  6 bullfrogs
  4 killer bees (D:9)
  A howler monkey (D:5)
  A centaur zombie (D:9)
  A quasit (D:9)
  3 hounds
  3 centaur skeletons
  3 orc priests
  3 jellies
  3 orc wizards
  A bullfrog skeleton (D:5)
  5 iguanas
  3 worker ants
  A hound zombie (D:10)
  A hound skeleton (D:5)
  A worker ant zombie (D:5)
  3 gnolls (D:4)
  3 howler monkey skeletons
  7 adders
  2 shadow imps
  6 white imps
  An ufetubus (D:7)
  3 oozes
  5 worms
  4 dart slugs
  7 leopard geckos
  21 orcs
  2 ball pythons (D:3)
  4 giant cockroaches
  4 goblins
  7 hobgoblins
  3 jackals (D:7)
  10 kobolds
  2 quokkas
  A ball python skeleton (D:4)
  8 bats
  3 frilled lizards
  A jackal skeleton (D:5)
  3 leopard gecko skeletons
  A quokka skeleton (D:10)
  9 rats
206 creatures vanquished.

Vanquished Creatures (others)
  10 fungi
  6 plants (D:8)
16 creatures vanquished.

Grand Total: 222 creatures vanquished

Notes
Turn   | Place    | Note
-------+----------+-------------------------------------------
     0 | D:1      | Gabide the Human Wanderer began the quest for the Orb.
     0 | D:1      | Gabide set off with the following items: a +0 club, a
                  | potion of haste, a potion of lignification, a scroll of
                  | teleportation, a +0 robe, a potion of heal wounds, a +0
                  | dagger
     0 | D:1      | Reached XP level 1. HP: 16/16 MP: 2/2
    87 | D:1      | Reached XP level 2. HP: 7/22 MP: 3/3
   492 | D:1      | Reached XP level 3. HP: 26/27 MP: 4/4
  1164 | D:1      | Reached skill level 4 in Unarmed Combat
  1680 | D:2      | Reached XP level 4. HP: 33/33 MP: 5/5
  1774 | D:2      | Found a hide-covered altar of Uskayaw.
  1787 | D:2      | Became a worshipper of Uskayaw the Reveller
  1792 | D:2      | Reached skill level 1 in Dodging
  1807 | D:2      | Reached * piety under Uskayaw
  1888 | D:2      | Found an opulent altar of Gozag.
  2172 | D:2      | Reached ** piety under Uskayaw
  2730 | D:3      | Reached XP level 5. HP: 8/38 MP: 6/6
  3827 | D:3      | Found a faded altar of an unknown god.
  4036 | D:4      | Noticed an ogre
  4095 | D:4      | Killed an ogre
  4096 | D:4      | Reached skill level 5 in Unarmed Combat
  4096 | D:4      | Reached XP level 6. HP: 28/45 MP: 2/7
  4273 | D:4      | Reached skill level 1 in Throwing
  4737 | D:5      | Entered Level 5 of the Dungeon
  4750 | D:5      | Reached skill level 6 in Unarmed Combat
  4750 | D:5      | Reached XP level 7. HP: 51/51 MP: 8/8
  5084 | D:5      | Found a burning altar of Makhleb.
  5162 | D:5      | Found a sand-covered staircase.
  5656 | D:5      | Reached *** piety under Uskayaw
  6053 | D:6      | Found a basalt altar of Yredelemnul.
  6086 | D:6      | Found a staircase to the Ecumenical Temple.
  6298 | D:6      | Found an iron altar of Okawaru.
  6337 | D:6      | Reached skill level 7 in Unarmed Combat
  6696 | D:6      | Reached XP level 8. HP: 57/57 MP: 9/9
  7371 | D:7      | Found a white marble altar of Elyvilon.
  7371 | D:7      | Noticed Maggie
  7391 | D:7      | Killed Maggie
  7392 | D:7      | Reached skill level 8 in Unarmed Combat
  7624 | D:7      | Found a bloodstained altar of Trog.
  7640 | D:7      | Reached XP level 9. HP: 44/62 MP: 8/10
  7792 | D:7      | Found a radiant altar of Vehumet.
  7800 | D:7      | Identified Vehumet's Grimoire of Arcane Weapons
  7803 | D:7      | Found an ancient bone altar of Kikubaaqudgha.
  7804 | D:7      | Found a shimmering blue altar of Sif Muna.
  7831 | D:7      | Noticed Prince Ribbit
  8253 | D:7      | Reached skill level 1 in Armour
  8253 | D:7      | Reached skill level 9 in Unarmed Combat
  8432 | D:7      | Killed Prince Ribbit
  8575 | D:7      | Found a runed translucent gate.
  8576 | D:7      | Found a runed translucent gate.
  8576 | D:7      | Noticed Quickbrownfox's ghost (novice MiMo)
  8577 | D:7      | Found a runed translucent gate.
  8577 | D:7      | Noticed a kobold demonologist
  8577 | D:7      | Identified the +8 short sword of Eternal Harmony {venom,
                  | Str+5 Dex-5}
  9486 | D:8      | Found a sacrificial altar of Ru.
  9510 | D:8      | Found a blossoming altar of Fedhas.
  9844 | D:8      | Reached skill level 10 in Unarmed Combat
  9918 | D:8      | Found a glowing golden altar of the Shining One.
 10529 | D:9      | Reached XP level 10. HP: 69/69 MP: 11/11
 11503 | D:9      | Reached **** piety under Uskayaw
 11506 | D:9      | Reached skill level 5 in Dodging
 11510 | D:9      | Reached ***** piety under Uskayaw
 11793 | D:9      | Reached skill level 11 in Unarmed Combat
 12310 | D:10     | Entered Level 10 of the Dungeon
 12386 | D:10     | Noticed a two-headed ogre
 12402 | D:10     | HP: 2/70 [two-headed ogre/+0 giant club (14)]
 12404 | D:10     | Killed a two-headed ogre
 12405 | D:10     | Reached skill level 5 in Throwing
 12830 | D:10     | Reached XP level 11. HP: 70/75 MP: 10/12
 13073 | D:10     | Found a runed translucent gate.
 13083 | D:10     | Found a runed translucent gate.
 13083 | D:10     | Noticed wpisznazwe's ghost (novice DgEE)
 13083 | D:10     | Noticed destino's ghost (journeyman NaHu)
 13083 | D:10     | Noticed Almogavar's ghost (novice GrBe)
 13083 | D:10     | Noticed dracomuter's ghost (journeyman HuFi)
 13083 | D:10     | Noticed keat06's ghost (journeyman MiFi)
 13084 | D:10     | Found a runed translucent gate.
 13207 | D:10     | Found a glowing golden altar of the Shining One.
 13291 | D:10     | Reached skill level 5 in Stealth
 13943 | D:10     | Noticed Erica
 13958 | D:10     | Killed Erica
 13959 | D:10     | Reached skill level 12 in Unarmed Combat
 14391 | D:11     | Noticed an unseen horror
 14430 | D:11     | Killed an unseen horror
 14749 | D:11     | Noticed Nergalle
 14774 | D:11     | Killed Nergalle
 15110 | D:11     | Found a staircase to the Lair.
 15117 | D:11     | Got a warped leather armour
 15128 | D:11     | Identified the cursed +1 leather armour "Wiclettu" {rPois
                  | Str+5 SInv Stlth-} (You found it on level 11 of the
                  | Dungeon)
 15172 | D:11     | Slain by a troll

Illustrated notes

Levels and vault maps discovered:
D:1:      dpeg_arrival_round_b, layout_loops_ring, due_unseen_surprise
D:2:      layout_loops_ring, overflow_temple_1_default, grunt_gozag_breadcrumbs
D:3:      layout_basic, chequers_ecumenical_altar_simple
D:4:      layout_rooms, minmay_increasing_density
D:5:      layout_loops_cross, general_overflow_altar,
          chequers_ossuary_entry_cave, kennysheep_dice
D:6:      layout_cave_pods, yredelemnul_altar_generic, kennysheep_mini,
          minmay_temple_entry_butterflies
D:7:      layout_loops_corners, grunt_temple_overflow_magic_moments,
          trog_ov_bears_minmay, elyvilon_altar_5, gammafunk_ghost_nasty_kobolds,
          centaur_isle, uniq_maggie, uniq_prince_ribbit1
D:8:      layout_cave_pools, overflow_temple_1_default,
          nicolae_overflow_hidden_temple, fedhas_altar_3, grunt_ministairs_8
D:9:      layout_irregular_city
D:10:     layout_layer_cave, gammafunk_ghost_cemetery, tso_metal_star,
          uniq_erica
D:11:     lemuel_slime, layout_loops_corners, erik_lair_island, orc_0_dummy,
          uniq_nergalle

Skill      XL: |  1  2  3  4  5  6  7  8  9 10 11 |
---------------+----------------------------------+-----
Unarmed Combat | 4 5 6 7 8 10 11 12 | 12.8
Dodging        | 1 2 3 4 6 |  6.7
Throwing       | 1 2 3 5 |  5.7
Stealth        | 3 4 5 |  5.3
Armour         | 2 4 |  4.8
Fighting       | 3 |  3.7
Spellcasting   | |  1.0
Summonings     | |  1.0
Poison Magic   | |  1.0
Evocations     | |  0.1

Action                   |  1- 3 |  4- 6 |  7- 9 | 10-12 || total
-------------------------+-------+-------+-------+-------++-------
Melee: Unarmed           |   117 |   143 |   292 |   251 ||   803
       Punch             |       |       |     8 |    15 ||    23
Throw: Javelin           |       |    30 |    58 |    67 ||   155
       Boomerang         |       |       |     2 |     8 ||    10
Invok: Line Pass         |       |     2 |     2 |     5 ||     9
       Stomp             |       |       |     5 |     1 ||     6
Evoke: Wand              |       |     2 |       |       ||     2
  Use: Scroll            |     7 |     7 |     9 |     3 ||    26
       Potion            |       |       |     4 |     7 ||    11
 Stab: Sleeping          |     5 |     5 |     5 |     1 ||    16
       Confused          |       |     1 |     1 |       ||     2
       Invisible         |       |       |     5 |       ||     5
       Paralysed         |       |       |     3 |    14 ||    17
Armor: Robe              |    28 |    11 |    23 |       ||    62
       Acid dragon scale |       |       |    51 |    61 ||   112
       Skin              |       |       |       |    17 ||    17
       Leather armour    |       |       |       |     8 ||     8
Dodge: Dodged            |    79 |    59 |   173 |   172 ||   483
